 Dungeon Crawl Stone Soup version 0.29.1-12-g30fa7ad0bf (webtiles) character file.

Game seed: 15717718060956194956

11453 112233 the Thaumaturge (level 11, -7/100 HPs)
             Began as a Naga Venom Mage on Dec 17, 2022.
             Was a Priest of Sif Muna.
             Shot with a bolt by a skeletal warrior (31 damage)
             ... on level 11 of the Dungeon.
             The game lasted 00:21:18 (14976 turns).

112233 the Thaumaturge (Naga Venom Mage)           Turns: 14976, Time: 00:21:18

Health: -7/100     AC: 13    Str: 11    XL:     11   Next: 78%
Magic:  33/33      EV:  9    Int: 26    God:    Sif Muna [***...]
Gold:   32         SH:  0    Dex: 11    Spells: 17/29 levels left

rFire   . . .      SeeInvis +   d - +6 spear (vorpal)
rCold   . . .      Faith    .   U - orb {light}
rNeg    . . .      Spirit   .   Y - +1 robe of Malocygiece {Fly MP+9}
rPois   +          Reflect  .   b - +0 helmet
rElec   .          Harm     .   (no cloak)
rCorr   .          Rampage  .   y - +1 pair of gloves
Will    +....                   Z - +1 barding
Stlth   +.........              l - amulet of magic regeneration
HPRegen 0.26/turn               E - ring of wizardry
MPRegen 0.63/turn               N - +6 ring of intelligence

@: flying, glowing, very slow
A: AC +3, large, see invisible, deformed body, poison resistance, slowness 2,
spit poison 1, naga tail 1
a: Spit Poison, Renounce Religion, Channel Magic, Forget Spell


You were on level 11 of the Dungeon.
You worshipped Sif Muna.
Sif Muna was most pleased with you.
You visited 1 branch of the dungeon, and saw 11 of its levels.
You also visited: Ossuary.

You collected 638 gold pieces.
You spent 606 gold pieces at shops.

Inventory:

Hand Weapons
 d - a +6 vorpal spear (weapon)
 C - a +0 whip of holy wrath
 K - a +1 whip of electrocution
Missiles
 p - 3 throwing nets
 s - 4 atropa-tipped darts
Armour
 a - the +2 robe of the Trombone {Regen+ rCorr}
   (You bought it in a shop on level 10 of the Dungeon)

   Regen:     It increases your rate of health regeneration.
   rCorr:     It protects you from acid and corrosion.
 b - a +0 helmet (worn)
 y - a +1 pair of gloves (worn)
 A - a +0 buckler
 R - an orb of mayhem
 U - an orb of light (worn)
 Y - the +1 robe of Malocygiece (worn) {Fly MP+9}
   (You found it on level 9 of the Dungeon)

   MP:        It affects your magic capacity (+9).
   Fly:       It grants you flight.
 Z - a +1 barding (worn)
Magical Staves
 n - a staff of cold
 v - a staff of earth
 x - a staff of fire
 V - a staff of death
Jewellery
 l - an amulet of magic regeneration (around neck)
 E - a ring of wizardry (left hand)
 J - an amulet of faith
 N - a +6 ring of intelligence (right hand)
Wands
 m - a wand of digging (7)
 q - a wand of mindburst (11) (quivered)
 S - a wand of quicksilver (8)
 T - a wand of iceblast (14)
 W - a wand of flame (9)
Scrolls
 e - 2 scrolls of magic mapping
 g - 3 scrolls of vulnerability
 j - 5 scrolls of fog
 t - 2 scrolls of immolation
 F - 2 scrolls of fear
 G - a scroll of poison {unknown}
 H - 2 scrolls of blinking
 I - 4 scrolls of amnesia
 M - a scroll of acquirement {unknown}
 Q - a scroll of noise {unknown}
 X - 2 scrolls of identify
Potions
 i - 2 potions of attraction
 k - 3 potions of lignification
 o - 2 potions of magic
 r - 2 potions of cancellation
 w - a potion of flight {unknown}
 z - a potion of resistance
 B - 3 potions of degeneration
 L - a potion of haste {unknown}
 O - 2 potions of invisibility
 P - 2 potions of mutation


   Skills:
 + Level 7.3 Fighting
 + Level 6.4 Dodging
 - Level 3.0 Stealth
 - Level 5.0 Shields
 * Level 9.8 Spellcasting
 + Level 5.2 Conjurations
 - Level 1.0 Transmutations
 - Level 8.1 Poison Magic
 - Level 6.0 Invocations


You had 17 spell levels left.
You knew the following spells:

 Your Spells              Type           Power      Damage    Failure   Level
a - Ignite Poison         Fire/Tmut/Pois 28%        N/A       1%          3
b - Poisonous Vapours     Pois/Air       68%        N/A       1%          2
c - Olgreb's Toxic Radia  Pois           53%        N/A       1%          4
d - Mephitic Cloud        Conj/Pois/Air  36%        N/A       1%          3

Your spell library contained the following spells:

 Spells                   Type           Power      Damage    Failure   Level
 Foxfire                  Conj/Fire      100%       2x1d9     1%          1
 Sting                    Tmut/Pois      100%       1d8       1%          1
 Conjure Flame            Conj/Fire      26%        6-21      1%          3
 Inner Flame              Hex/Fire       12%        N/A       6%          3
 Flame Wave               Conj/Fire      26%        2d8       6%          4
 Sticky Flame             Conj/Fire      26%        2d5       6%          4
 Iskenderun's Battlesphe  Conj           39%        2d9       6%          5
 Iron Shot                Conj/Erth      13%        9d3       65%         6
 Spellforged Servitor     Conj/Summ      13%        N/A       99%         7


Dungeon Overview and Level Annotations

Branches:
Dungeon (11/15)            Temple (0/1) D:6            Lair (0/5) D:11
Ossuary (visited)
    Orc: D:9-12

Altars:
Ashenzari
Cheibriados
Gozag
Kikubaaqudgha
Makhleb
Nemelex Xobeh
Okawaru
Ru
Sif Muna
Trog
Xom
Yredelemnul

Shops:
D:6 !   D:10 :(*[(

Annotations:
D:4 3 runed translucent doors, Henri's ghost, novice VSFi
D:5 Grinder
D:9 exclusions: 2 downstairs and upstairs
D:10 exclusion: downstairs


Innate Abilities, Weirdness & Mutations

Your serpentine skin is tough. (AC +3)
You have supernaturally acute eyesight. (SInv)
Armour fits poorly on your strangely shaped body.
Your system is resistant to poisons. (rPois)
You cover ground very slowly.
You can spit poison.
You have a snake-like lower body.


Message History

Your surroundings suddenly seem different.
A yak comes into view.
Unknown command.
You start resting.
Magic restored.
Unknown command.
You start resting.
HP restored.
You start waiting.
Done waiting.
The skeletal warrior unwields a +0 scimitar.
The skeletal warrior wields a +1 arbalest of flaming.
It bursts into flame!
The skeletal warrior shoots a bolt.
The bolt hits you! The bolt burns you.
The skeletal warrior shoots a bolt.
The bolt closely misses you.
You hear a bellow! x2
You hear a bellow!
The skeletal warrior shoots a bolt.
The bolt hits you! The bolt burns you.
The skeletal warrior shoots a bolt.
The bolt hits you!!
* * * LOW HITPOINT WARNING * * *
The bolt burns you!
* * * LOW HITPOINT WARNING * * *
As you read the scroll labelled MOMOASH HUNEJ, it crumbles to dust.
The scroll dissolves into smoke.
It was a scroll of fog.
Unknown command.
You see here a +0 hand axe of freezing.
As you read the scroll labelled JEETED LOESA, it crumbles to dust.
It is a scroll of amnesia.
Forget Sting, freeing 1 spell level for a total of 17?
Your memory of Sting unravels.
Blink to where?
Press: ? - help, Dir - move target A yak comes into view.
As you read the scroll labelled BETINE UFILEYS, it crumbles to dust.
It was a scroll of blinking.
The yak bellows!
You hear a bellow!
A yak comes into view.
The yak bellows!
The skeletal warrior shoots a bolt.
The bolt hits you!!
You die...

..#.# .......##.####..
Y.Yz.##.. ##....#.# #..
#YY##...# ##.....# #.. #
####..#....# #...### #..
#.##..........## ##..#######.#
#.........Y.)..###........##.#
####z##............######.##.#
#.# #.......#)#.## #.##.# #.#
#....@##♣P.~♣ #.#
#.####§#####....# ♣♣.~♣ #.#
#.....§§§§z§..##.#♣.~P♣ #.#
######§####§### ♣.♣~~♣♣ #.#
#.# ##.#♣♣♣♣♣P~P♣♣ ♣♣.#
#.######.♣♣~.♣~~~~♣PP~.#
#......#..~.~~.~~~.~...#
######.##.~♣.~~~~♣~♣♣P.#
#.#.♣♣♣♣♣P.♣♣♣♣ ♣.#


You could see a skeletal warrior and 4 yaks.

Vanquished Creatures
  Erolcha (D:9)
  5 two-headed ogres
  A tengu warrior (D:11)
  3 ugly things (D:11)
  A manticore (D:11)
  2 unseen horrors
  A tengu conjurer (D:11)
  4 yaks (D:9)
  Eustachio (D:5)
  Menkaure (D:5)
  3 vampire mosquitoes (D:11)
  3 acid dragons
  A water moccasin (D:5)
  3 orc warriors
  A sky beast (D:5)
  An ogre (D:5)
  2 centaurs (D:7)
  2 phantoms (D:4)
  A kobold brigand (D:9)
  2 bullfrogs (D:8)
  A gnoll sergeant (D:10)
  6 scorpions
  13 wights
  6 killer bees (D:10)
  A howler monkey (D:6)
  An electric eel (D:8)
  5 hounds
  5 jellies
  4 orc priests
  Ijyb (D:3)
  Natasha (thrice) (D:2)
  11 orc wizards
  7 gnolls
  2 adders
  A shadow imp (D:6)
  An ufetubus (D:4)
  4 worms
  4 dart slugs
  35 orcs
  5 endoplasms
  A giant cockroach (D:4)
  15 goblins
  3 hobgoblins
  2 iguanas
  6 jackals
  7 kobolds
  4 quokkas
  3 ball pythons
  7 bats
  6 frilled lizards
  6 rats
215 creatures vanquished.

Vanquished Creatures (others)
  2 plants (D:11)
  2 withered plants (Ossuary)
4 creatures vanquished.

Grand Total: 219 creatures vanquished

Notes
Turn   | Place    | Note
-------+----------+-------------------------------------------
     0 | D:1      | 112233 the Naga Venom Mage began the quest for the Orb.
     0 | D:1      | Reached XP level 1. HP: 15/15 MP: 3/3
   537 | D:1      | Reached XP level 2. HP: 22/22 MP: 3/5
   540 | D:1      | Learned a level 2 spell: Poisonous Vapours
  1497 | D:2      | Noticed Natasha
  1503 | D:2      | Killed Natasha
  1504 | D:2      | Reached skill level 1 in Fighting
  1504 | D:2      | Reached XP level 3. HP: 21/31 MP: 0/6
  2160 | D:2      | Reached XP level 4. HP: 38/38 MP: 3/8
  2248 | D:2      | Noticed a shining eye
  2251 | D:2      | Noticed a shining eye
  2263 | D:2      | Found a faded altar of an unknown god.
  2265 | D:2      | Noticed an eye of devastation
  2265 | D:2      | Noticed a shining eye
  2327 | D:2      | Reached skill level 5 in Poison Magic
  2396 | D:2      | Noticed Natasha
  2401 | D:2      | Killed Natasha
  2402 | D:2      | Reached skill level 3 in Spellcasting
  2570 | D:2      | Found a sacrificial altar of Ru.
  2661 | D:2      | Noticed Natasha
  2667 | D:2      | Killed Natasha
  2668 | D:2      | Reached XP level 5. HP: 33/44 MP: 3/9
  2836 | D:2      | Learned a level 4 spell: Olgreb's Toxic Radiance
  3262 | D:2      | Learned a level 3 spell: Mephitic Cloud
  3461 | D:3      | Noticed Ijyb
  3468 | D:3      | Killed Ijyb
  3653 | D:3      | Found a shimmering blue altar of Sif Muna.
  3656 | D:3      | Found a burning altar of Makhleb.
  3660 | D:3      | Found a snail-covered altar of Cheibriados.
  3672 | D:3      | Became a worshipper of Sif Muna the Loreminder
  4207 | D:3      | Reached XP level 6. HP: 38/52 MP: 3/11
  4486 | D:3      | Found a shimmering altar of Xom.
  4760 | D:3      | Found a sparkling altar of Nemelex Xobeh.
  5121 | D:4      | You fall into a shaft and drop 3 floors!
  5121 | D:7      | Found a basalt altar of Yredelemnul.
  5243 | D:7      | Reached skill level 1 in Invocations
  5391 | D:7      | Reached skill level 4 in Spellcasting
  5527 | D:7      | Reached XP level 7. HP: 61/61 MP: 2/13
  5541 | D:7      | Reached * piety under Sif Muna
  5900 | D:7      | Reached skill level 1 in Shields
  6611 | D:6      | Found a staircase to the Ecumenical Temple.
  6641 | D:5      | Entered Level 5 of the Dungeon
  6664 | D:5      | Found a sand-covered staircase.
  6694 | Ossuary  | Entered an ossuary
  6716 | D:5      | Reached XP level 8. HP: 22/69 MP: 11/15
  6969 | D:5      | Noticed Grinder
  6986 | D:4      | Found a runed translucent gate.
  6991 | D:4      | Found a runed translucent gate.
  6992 | D:4      | Found a runed translucent gate.
  6993 | D:4      | Noticed Henri's ghost (novice VSFi)
  7033 | D:4      | Reached skill level 5 in Spellcasting
  8027 | D:5      | Found an ancient bone altar of Kikubaaqudgha.
  8193 | D:5      | Noticed Eustachio
  8708 | D:5      | Killed Eustachio
  8709 | D:5      | Reached XP level 9. HP: 62/78 MP: 8/17
  8738 | D:5      | Reached skill level 6 in Spellcasting
  8884 | D:5      | Learned a level 3 spell: Ignite Poison
  8980 | D:5      | Noticed Menkaure
  8982 | D:5      | Killed Menkaure
  8982 | D:5      | Reached ** piety under Sif Muna
  9477 | D:6      | Found Wiw Semm's Distillery.
  9485 | D:6      | Bought 2 potions of invisibility for 160 gold pieces
  9485 | D:6      | Bought a potion of curing for 30 gold pieces
  9485 | D:6      | Bought a potion of mutation for 80 gold pieces
  9485 | D:6      | Bought a potion of lignification for 30 gold pieces
 10306 | D:8      | Noticed an unseen horror
 10314 | D:8      | Killed an unseen horror
 10710 | D:8      | Found an opulent altar of Gozag.
 10763 | D:8      | Found a broken altar of Ashenzari.
 11113 | D:9      | Reached skill level 5 in Fighting
 11154 | D:9      | Reached skill level 7 in Spellcasting
 11207 | D:9      | Reached skill level 5 in Invocations
 11208 | D:9      | Reached skill level 1 in Conjurations
 11208 | D:9      | Reached XP level 10. HP: 88/88 MP: 2/20
 11307 | D:9      | Noticed Erolcha
 11546 | D:9      | Found a sacrificial altar of Ru.
 11554 | D:9      | Killed Erolcha
 11787 | D:9      | Found a bloodstained altar of Trog.
 11827 | D:9      | Identified the +1 robe of Malocygiece {Fly MP+9}
 11888 | D:9      | Reached skill level 5 in Dodging
 12005 | D:10     | Entered Level 10 of the Dungeon
 12161 | D:10     | Noticed a two-headed ogre
 12166 | D:10     | Killed a two-headed ogre
 12167 | D:10     | Reached skill level 8 in Spellcasting
 12294 | D:10     | Found Gaubamed's Antique Armour Shop.
 12302 | D:10     | Bought a sheer robe for 176 gold pieces
 12302 | D:10     | Identified the +2 robe of the Trombone {Regen+ rCorr} (You
                  | bought it in a shop on level 10 of the Dungeon)
 12648 | D:10     | Reached *** piety under Sif Muna
 12665 | D:10     | Found an iron altar of Okawaru.
 12966 | D:10     | Found Sirrapn's Antique Weapon Shoppe.
 12973 | D:10     | Noticed a two-headed ogre
 12977 | D:10     | Killed a two-headed ogre
 12978 | D:10     | Reached skill level 5 in Shields
 12978 | D:10     | Reached XP level 11. HP: 97/97 MP: 23/23
 13033 | D:10     | Noticed a two-headed ogre
 13038 | D:10     | Killed a two-headed ogre
 13054 | D:10     | Found Zocwic's Weapon Shop.
 13155 | D:10     | Found Ruudweoz's Book Emporium.
 13223 | D:10     | Found Boloar's Assorted Antiques.
 13232 | D:10     | Bought a tiny golden amulet for 130 gold pieces
 13545 | D:11     | Noticed a two-headed ogre
 13548 | D:11     | Killed a two-headed ogre
 13549 | D:11     | Reached skill level 9 in Spellcasting
 13648 | D:11     | Noticed a manticore
 13661 | D:11     | Killed a manticore
 13662 | D:11     | Noticed a tengu warrior
 13667 | D:11     | Killed a tengu warrior
 13675 | D:11     | Found a staircase to the Lair.
 13901 | D:11     | Noticed a cyan ugly thing
 13901 | D:11     | Noticed a cyan ugly thing
 13901 | D:11     | Noticed a cyan ugly thing
 13906 | D:11     | Killed a cyan ugly thing
 13907 | D:11     | Identified the ring of Finality {rPois rF+ Str+6 Dex+3}
 13907 | D:11     | Noticed a skeletal warrior
 13908 | D:11     | Killed a cyan ugly thing
 13911 | D:11     | Noticed a two-headed ogre
 13914 | D:11     | Killed a purple ugly thing
 13915 | D:11     | Reached skill level 5 in Conjurations
 14403 | D:11     | Killed a two-headed ogre
 14485 | D:11     | HP: 1/100 [skeletal warrior/+0 scimitar (19)]
 14976 | D:11     | Shot with a bolt by a skeletal warrior

Illustrated notes

Levels and vault maps discovered:
D:1:      nagdon_arrival_double_spiral, layout_basic, minmay_tree_intersection,
          minmay_tetromino_o4
D:2:      layout_loops_ring, basic_altar,
          hellmonk_ecumenical_altar_watching_god, uniq_natasha
D:3:      layout_basic, dk_xom_monty_hall, nemelex_dance_club_becter,
          grunt_temple_overflow_diamond, minmay_misc_feat_hallway, uniq_ijyb
D:4:      minmay_recursive_quarters, layout_loops_ring, gammafunk_ghost_split
D:5:      nicolae_BIG_FREAKIN_CUBE, layout_basic,
          nicolae_overflow_crystal_walls, nicolae_ossuary_entry_ruins,
          chequers_serial_rivers_micro_b, uniq_grinder, uniq_menkaure,
          uniq_eustachio
D:6:      layout_loops_cross, minmay_temple_entry_large_hall, serial_shops,
          shop_fountains
D:7:      layout_loops_ring, mainiacjoe_overflow_six_doors_small, enter_bailey_5
D:8:      layout_basic, mainiacjoe_overflow_tiny_flanked,
          grunt_gozag_breadcrumbs, fountainhead
D:9:      layout_loops_cross, mainiacjoe_overflow_surrounded_room,
          mainiacjoe_overflow_alcove_1, uniq_erolcha
D:10:     layout_cave_pools, lemuel_crystal_altar, serial_shops,
          nicolae_shop_trees, nicolae_shop_window_shopping,
          nicolae_lakefront_shop, nicolae_shop_bloodbath_and_beyond, shop
D:11:     minmay_cut_squares, layout_loops_ring, lair_entry_dummy, serial_shops,
          nicolae_shop_hallway_stairs, shop, serial_bayou_crossing

Skill      XL: |  1  2  3  4  5  6  7  8  9 10 11 |
---------------+----------------------------------+-----
Fighting       | 1 2 3 4 5 6 7 |  7.3
Dodging        | 2 3 4 5 6 |  6.4
Poison Magic   | 5 6 7 8 |  8.1
Spellcasting   | 3 4 5 7 8 9 |  9.8
Invocations    | 1 2 3 5 6 |  6.0
Shields        | 1 2 3 5 |  5.0
Conjurations   | 1 3 5 |  5.2
Stealth        | |  3.0
Transmutations | |  1.0

Action                   |  1- 3 |  4- 6 |  7- 9 | 10-12 || total
-------------------------+-------+-------+-------+-------++-------
Melee: Dagger            |     3 |       |       |       ||     3
       Staff             |       |     3 |    16 |       ||    19
       Whip              |       |       |    41 |     8 ||    49
       Punch             |       |       |     1 |       ||     1
       Spear             |       |       |       |     4 ||     4
       Falchion          |       |       |       |     2 ||     2
 Cast: Sting             |    46 |    97 |   132 |    27 ||   302
       Poisonous Vapours |    13 |    21 |    90 |    34 ||   158
       Olgreb's Toxic Ra |       |     5 |    16 |    16 ||    37
       Mephitic Cloud    |       |       |    15 |    19 ||    34
       Ignite Poison     |       |       |    11 |    40 ||    51
 Abil: Spit Poison       |     5 |     8 |     1 |       ||    14
Evoke: Wand              |       |       |     6 |       ||     6
  Use: Potion            |     1 |       |       |    11 ||    12
       Scroll            |       |       |     5 |     8 ||    13
Armor: Robe              |     5 |    15 |    65 |    32 ||   117
       Skin              |       |       |       |     2 ||     2
Dodge: Dodged            |    13 |    23 |    83 |    40 ||   159
